 Dungeon Crawl Stone Soup version 0.23.2-40-g277498a001 (webtiles) character file.

Game seed: 8610502159443868957

2607 Marnok the Sneak (level 9, 0/69 HPs)
             Began as a Demonspawn Chaos Knight on Oct 12, 2019.
             Was a Plaything of Xom.
             Slain by Joseph
             ... wielding a +5 quarterstaff of protection
              (8 damage)
             ... on level 7 of the Dungeon.
             The game lasted 00:23:20 (6339 turns).

Marnok the Sneak (Demonspawn Chaos Knight)          Turns: 6339, Time: 00:23:21

Health: 0/69       AC:  7    Str: 20      XL:     9   Next: 33%
Magic:  9/9        EV: 14    Int: 15      God:    Xom [.*....]
Gold:   329        SH:  0    Dex:  9 (10) Spells: 8/8 levels left

rFire    + . .     SeeInvis .   j - +4 dagger (chaos)
rCold    + . .     Gourm    .   (no shield)
rNeg     . . .     Faith    .   b - +3 leather armour
rPois    +         Spirit   .   (helmet restricted)
rElec    +         Reflect  .   y - scarf {cloud immunity}
rCorr    .         Harm     .   F - +0 pair of gloves
MR       ++...                  (no boots)
Stlth    ++++......             x - amulet of regeneration
HPRegen  0.61/turn              d - ring of protection from magic
MPRegen  0.11/turn              l - +3 ring of slaying

@: mighty
A: horns 2, talons 1, clumsy 1, cold resistance 1, deterioration 1, fire
resistance 1, magic resistance 1, nightstalker 1, poison resistance, electricity
resistance, evolution 1, sturdy frame 2
a: Renounce Religion


You were on level 7 of the Dungeon.
You worshipped Xom.
You were a plaything of Xom.
You were not hungry.

You visited 1 branch of the dungeon, and saw 9 of its levels.

You collected 569 gold pieces.
You spent 240 gold pieces at shops.

Inventory:

Hand Weapons
 a - a +0 spear of chaos
 j - a +4 dagger of chaos (weapon)
 n - a +3 short sword of electrocution
 u - a +3 dire flail of protection
Missiles
 t - 4 tomahawks (quivered)
Armour
 b - a +3 leather armour (worn)
 g - a +2 animal skin
 k - a +0 ring mail
 p - a +0 leather armour of poison resistance
 y - a scarf of cloud immunity (worn)
 F - a +0 pair of gloves (worn)
 G - a +0 ring mail
Jewellery
 d - a ring of protection from magic (left hand)
 f - an uncursed ring of protection from magic
 l - a +3 ring of slaying (right hand)
 r - an uncursed amulet of the acrobat
 x - an amulet of regeneration (around neck)
 E - a +3 ring of dexterity
 H - a +1 ring of protection
Wands
 v - a wand of digging (7)
 A - a wand of scattershot (7)
 B - a wand of disintegration (8)
Scrolls
 e - 2 scrolls of teleportation
 h - 7 scrolls of remove curse
 m - 2 scrolls of amnesia
 o - 5 scrolls of magic mapping
Potions
 i - a potion of lignification
 q - a potion of flight
 s - 2 potions of curing
 z - 3 potions of cancellation
Comestibles
 c - 12 rations
 w - 6 chunks of flesh


   Skills:
 + Level 6.1 Fighting
 + Level 4.6 Short Blades
 + Level 4.9 Polearms
 + Level 2.4 Armour
 + Level 5.7 Dodging
 + Level 6.2 Stealth


You had 8 spell levels left.
You didn't know any spells.
Your spell library contained the following spells:

 Spells                   Type           Power        Failure   Level  Hunger
 Animate Skeleton         Necr           N/A          26%         1    ##.....
 Apportation              Tloc           #.....       26%         1    ##.....
 Confusing Touch          Hex            #.....       26%         1    ##.....
 Corona                   Hex            #......      26%         1    ##.....
 Summon Small Mammal      Summ           #...         26%         1    ##.....
 Ensorcelled Hibernation  Hex/Ice        #.....       38%         2    ###....
 Throw Flame              Conj/Fire      #.....       38%         2    ###....
 Confuse                  Hex            #.......     63%         3    ####...
 Dazzling Spray           Conj/Hex       #.....       63%         3    ####...
 Tukima's Dance           Hex            #.......     63%         3    ####...
 Yara's Violent Unravell  Hex/Tmut       #.........   100%        5    ######.
 Bolt of Fire             Conj/Fire      #.........   100%        6    #######
 Darkness                 Hex            #.........   100%        6    #######


Dungeon Overview and Level Annotations

Branches:
Dungeon (9/15)             Temple (0/1) D:5
   Lair: D:8-11         Orc: D:9-12

Altars:
Ashenzari
Vehumet
Xom
The Shining One

Shops:
D:8 (:[[[

Annotations:
D:8 Joseph


Innate Abilities, Weirdness & Mutations

You have a pair of horns on your head.
Your flesh is heat resistant. (rF+)
You are slightly more attuned to the shadows.
Your movements are less encumbered by armour. (ER -4)
You have sharp toenails.
You are clumsy. (Dex -2)
Your flesh is cold resistant. (rC+)
Your body sometimes deteriorates upon taking damage.
You are resistant to hostile enchantments. (MR+)
Your system is resistant to poisons. (rPois)
You are resistant to electric shocks. (rElec)
You evolve.


Message History

There is an escape hatch in the ceiling, spattered with blood here.
You see here 2 sling bullets.
You hit Joseph.
Joseph flickers and vanishes!
Deactivating autopickup; reactivate with Ctrl-A.
You claw something! Something hits you!!
You puncture something! You claw something. Your headbutt misses something.
Something hits you! Something hits you!
* * * LOW HITPOINT WARNING * * *
Your body deteriorates!
You feel clumsy. A mysterious force pulls you upwards.
The hatch slams shut behind you.
Reactivating autopickup.
You start resting.
Something hits you!
* * * LOW HITPOINT WARNING * * *
You emit a cloud of colourful smoke!
Deactivating autopickup; reactivate with Ctrl-A.
You start resting.
Something hits you!
You die... "What!?
That's it?"

##...# ######....#..##.....#
#.
.#..#####.......####.<......#
#. ..............###
###......# #.
...........####### ##......#
#.
.................####.......#
#.
...>...#########......#.....#
#. .......# ######.....#### #.
######## #.§§....##..## ###.
##
############§@..(..###..###...
.###...........§§§....#
##.......
.....##########.......#
#####... ..#### #.......# #...
.## ######### #... .# #... .#
#### ##


There were no monsters in sight!

Vanquished Creatures
  A two-headed ogre (D:8)
  A hippogriff (D:8)
  Sigmund (D:2)
  Menkaure (D:7)
  An ice beast (D:8)
  2 sky beasts
  2 ogres
  A centaur (D:7)
  A bullfrog (D:7)
  2 centaur zombies
  3 bullfrog zombies
  An orc priest (D:4)
  2 jellies (D:7)
  2 hounds
  3 iguanas
  4 orc wizards
  3 worker ants
  A hound zombie (D:6)
  A howler monkey zombie (D:5)
  A worker ant zombie (D:5)
  Robin (D:4)
  13 adders
  3 gnolls (D:6)
  2 shadow imps
  2 oozes
  2 adder zombies
  An adder skeleton (D:5)
  A worm (D:3)
  3 dart slugs
  5 leopard geckos
  11 orcs
  2 ball pythons
  5 bats
  3 giant cockroaches
  11 hobgoblins
  11 jackals
  6 quokkas
  5 frilled lizards
  17 goblins
  A jackal skeleton (D:6)
  3 kobolds
  2 quokka skeletons
  A quokka zombie (D:5)
  6 rats
151 creatures vanquished.

Vanquished Creatures (collateral kills)
  A worker ant (D:5)
  An orc (D:4)
  A quokka zombie (D:5)
3 creatures vanquished.

Vanquished Creatures (others)
  A rat (D:3)
1 creature vanquished.

Grand Total: 155 creatures vanquished

Notes
Turn   | Place    | Note
-------+----------+-------------------------------------------
     0 | D:1      | Marnok the Demonspawn Chaos Knight began the quest for the
                  | Orb.
     0 | D:1      | Reached XP level 1. HP: 18/18 MP: 1/1
    28 | D:3      | XOM: divination: magic mapping
    40 | D:1      | XOM: cast spell 'Summon Ice Beast'
   209 | D:1      | Gained mutation: Your movements are slightly less
                  | encumbered by armour. (ER -2) [demonic ancestry]
   209 | D:1      | Reached XP level 2. HP: 24/24 MP: 2/2
   302 | D:1      | XOM: harmless Tmut miscast
   491 | D:1      | XOM: give mutations
   491 | D:1      | Gained mutation: You are clumsy. (Dex -2) [Xom's mischief]
   491 | D:1      | Gained mutation: Your body sometimes deteriorates upon
                  | taking damage. [Xom's mischief]
   491 | D:1      | Gained mutation: You are resistant to hostile enchantments.
                  | (MR+) [Xom's mischief]
   491 | D:1      | Gained mutation: You are frail. (-10% HP) [Xom's mischief]
   535 | D:2      | XOM: smoke on damage
   540 | D:2      | Gained mutation: Your movements are less encumbered by
                  | armour. (ER -4) [demonic ancestry]
   540 | D:2      | Reached XP level 3. HP: 17/26 MP: 3/3
   552 | D:2      | Found a glowing golden altar of the Shining One.
   791 | D:2      | Noticed Sigmund
   820 | D:2      | Killed Sigmund
   820 | D:2      | Reached skill level 1 in Dodging
   820 | D:2      | Reached XP level 4. HP: 19/34 MP: 4/4
   820 | D:2      | Gained mutation: You are slightly more attuned to the
                  | shadows. [demonic ancestry]
   820 | D:2      | Reached XP level 5. HP: 21/38 MP: 5/5
  1035 | D:2      | XOM: harmless Chrm miscast
  1336 | D:2      | XOM: chaos upgrade
  1389 | D:2      | XOM: give mutations
  1389 | D:2      | Gained mutation: Your system is resistant to poisons.
                  | (rPois) [Xom's grace]
  1389 | D:2      | Gained mutation: You have sharp toenails. [Xom's grace]
  1389 | D:2      | Gained mutation: You evolve. [Xom's grace]
  1537 | D:3      | XOM: god gift: ring mail {god gift}
  1624 | D:3      | Found a radiant altar of Vehumet.
  1661 | D:3      | Found a shattered altar of Ashenzari.
  1725 | D:3      | Noticed an ogre
  1732 | D:3      | Killed an ogre
  1732 | D:3      | Gained mutation: Your flesh is heat resistant. (rF+)
                  | [demonic ancestry]
  1732 | D:3      | Reached XP level 6. HP: 44/44 MP: 6/6
  1855 | D:3      | Reached skill level 1 in Stealth
  2058 | D:3      | XOM: divination: detect creatures
  2259 | D:3      | Lost mutation: You are frail. (-10% HP) [evolution]
  2352 | D:4      | Noticed Robin
  2363 | D:4      | Killed Robin
  2363 | D:4      | XOM: confuse monster(s)
  2397 | D:4      | Reached skill level 1 in Short Blades
  2410 | D:5      | Entered Level 5 of the Dungeon
  2494 | D:4      | Identified Udeidias's Guide on the Captivating Arsonist
                  | (Xom gifted it to you on level 4 of the Dungeon)
  2494 | D:4      | XOM: god gift: Udeidias's Guide on the Captivating Arsonist
  2591 | D:4      | XOM: 2-stop teleportation journey
  2619 | D:4      | XOM: summons 3 friendly demons
  2634 | D:4      | Gained mutation: You have a pair of small horns on your
                  | head. [demonic ancestry]
  2634 | D:4      | Reached XP level 7. HP: 22/55 MP: 7/7
  3060 | D:4      | XOM: god gift: runed dire flail {god gift}
  3187 | D:4      | Found a shimmering altar of Xom.
  3463 | D:4      | XOM: give mutations
  3463 | D:4      | Gained mutation: You are resistant to electric shocks.
                  | (rElec) [Xom's grace]
  3463 | D:4      | Gained mutation: Your flesh is cold resistant. (rC+) [Xom's
                  | grace]
  3492 | D:5      | Found a staircase to the Ecumenical Temple.
  3569 | D:5      | Reached skill level 5 in Fighting
  3659 | D:5      | XOM: scenery: create altars
  3691 | D:5      | XOM: scenery: create altars
  3694 | D:5      | XOM: fog
  3701 | D:5      | XOM: summons friendly iron imp
  4442 | D:6      | XOM: god gift: ring mail {god gift}
  4834 | D:8      | Found Qenoef's Antique Weapon Shoppe.
  4860 | D:7      | Reached XP level 8. HP: 63/63 MP: 8/8
  5168 | D:7      | XOM: summons 1 hostile shadow creature
  5227 | D:7      | Noticed Menkaure
  5234 | D:7      | Killed Menkaure
  5442 | D:8      | Found Ijuvemuo's Antique Armour Shoppe.
  5445 | D:8      | Reached skill level 5 in Dodging
  5455 | D:8      | Bought a runed scarf for 240 gold pieces
  5645 | D:8      | Found Gakikh's Antique Armour Boutique.
  5699 | D:8      | Found Ibbimuywk's Armour Boutique.
  5711 | D:8      | Noticed a hippogriff
  5719 | D:8      | Killed a hippogriff
  5719 | D:8      | Reached skill level 5 in Stealth
  5722 | D:8      | Found Tiulawny's Book Shop.
  5780 | D:8      | Noticed Joseph
  5800 | D:8      | XOM: butterfly on damage
  5969 | D:8      | XOM: cloud trail
  6038 | D:8      | XOM: mild Air miscast
  6219 | D:8      | Noticed a two-headed ogre
  6229 | D:8      | Killed a two-headed ogre
  6229 | D:8      | Gained mutation: You have a pair of horns on your head.
                  | [demonic ancestry]
  6229 | D:8      | Reached XP level 9. HP: 30/69 MP: 9/9
  6326 | D:8      | XOM: potion effect (might)
  6338 | D:7      | XOM: smoke on damage
  6339 | D:7      | Slain by Joseph

Skill      XL: |  1  2  3  4  5  6  7  8 |
---------------+-------------------------+-----
Polearms       | 3 4 |  4.9
Armour         | 2 |  2.4
Fighting       | 4 5 6 |  6.1
Dodging        | 1 2 4 5 |  5.7
Stealth        | 1 3 6 |  6.2
Short Blades   | 1 2 4 |  4.6

Action                   |  1- 3 |  4- 6 |  7- 9 || total
-------------------------+-------+-------+-------++-------
Melee: Spear             |   117 |    36 |       ||   153
       Dagger            |       |   116 |   246 ||   362
       Kick              |       |    17 |    64 ||    81
       Headbutt          |       |       |    49 ||    49
  Use: Potion            |     6 |     3 |     4 ||    13
       Scroll            |       |     7 |     9 ||    16
 Stab: Sleeping          |       |     6 |    12 ||    18
       Confused          |       |     1 |     1 ||     2
       Paralysed         |       |       |     2 ||     2
  Eat: Chunk             |       |     6 |     9 ||    15
       Ration            |       |       |     1 ||     1
Armor: Leather armour    |    42 |    53 |    88 ||   183
       Skin              |     1 |       |       ||     1
Dodge: Dodged            |    49 |    87 |   183 ||   319
